[Event "71st MNE-ch 2019"]
[Site "Podgorica"]
[Date "2019.05.25"]
[Round "8.5"]
[White "Milovic, Jovan"]
[Black "Kisic, Bozidar"]
[Result "0-1"]
[ECO "A00"]
[WhiteElo "2280"]
[BlackElo "2200"]
[Annotator "NA"]
[PlyCount "80"]
[EventDate "2019.05.18"]
[EventType "swiss"]
[EventCountry "MNE"]
[SourceTitle "playchess.com"]
[Source "ChessBase"]
[SourceQuality "1"]
[TimeControl "40/5400+30:1800+30"]

1. e3 d5 2. c4 e6 3. Nf3 Nf6 4. b3 Nbd7 5. Bb2 c6 6. Nc3 Bd6 7. Qc2 Qe7 8. Rc1 O-O 9. d4 a6 10. Be2 e5 11. O-O e4 12. Nd2 b5 13. Nd1 Bb7 14. c5 Bc7 15. f3 exf3 16. gxf3 Rae8 17. Rf2 Nh5 18. f4 Ndf6 19. Nf3 Ne4 20. Rg2 g6 21. Ne5 Ng7 22. Bc3 f6 23. Ng4 Nf5 24. Be1 h5 25. Nh6+ Nxh6 26. Bxh5 g5 27. Bxe8 Rxe8 28. Nf2 Nf7 29. Qd1 Nxf2 30. Bxf2 Kg7 31. h4 Bc8 32. hxg5 fxg5 33. a4 b4 34. Qd2 Qe4 35. Qxb4 Rh8 36. Qc3 Bh3 37. Rh2 g4 38. Qc2 Qf3 39. Qd1 Ng5 40. Qxf3 Nxf3+ 0-1

[Event "71st MNE-ch 2019"]
[Site "Podgorica"]
[Date "2019.05.25"]
[Round "8.6"]
[White "Miletic, Vuk"]
[Black "Pecurica, Milos"]
[Result "1/2-1/2"]
[ECO "D37"]
[WhiteElo "1954"]
[BlackElo "2365"]
[Annotator "NA"]
[PlyCount "80"]
[EventDate "2019.05.18"]
[EventType "swiss"]
[EventCountry "MNE"]
[SourceTitle "playchess.com"]
[Source "ChessBase"]
[SourceQuality "1"]
[TimeControl "40/5400+30:1800+30"]

1. d4 Nf6 2. c4 e6 3. Nf3 d5 4. Nc3 dxc4 5. e3 a6 6. a4 c5 7. Bxc4 Nc6 8. O-O cxd4 9. exd4 Be7 10. Re1 Nb4 11. Bg5 O-O 12. Qe2 Re8 13. Rad1 Nfd5 14. Bxe7 Rxe7 15. Bxd5 Nxd5 16. Nxd5 Qxd5 17. Rc1 b6 18. Qe5 Bb7 19. Qxd5 Bxd5 20. Ne5 Kf8 21. h4 Rb7 22. Re3 Rd8 23. Rec3 f6 24. Rc8 Rxc8 25. Rxc8+ Ke7 26. Nd3 a5 27. Rc3 Rd7 28. Nc1 Kd6 29. f3 Bc6 30. b3 Rb7 31. Nd3 Bd5 32. Kf2 Rc7 33. Rxc7 Kxc7 34. Nc1 b5 35. axb5 Kb6 36. Ke3 Kxb5 37. Kd3 g5 38. hxg5 fxg5 39. Kc3 h5 40. Nd3 h4 1/2-1/2

[Event "71st MNE-ch 2019"]
[Site "Podgorica"]
[Date "2019.05.25"]
[Round "8.7"]
[White "Popadic, Dragan"]
[Black "Vujacic, Igor"]
[Result "1/2-1/2"]
[ECO "B23"]
[WhiteElo "2198"]
[BlackElo "2205"]
[Annotator "NA RC"]
[PlyCount "167"]
[EventDate "2019.05.18"]
[EventType "swiss"]
[EventCountry "MNE"]
[SourceTitle "playchess.com"]
[Source "ChessBase"]
[SourceQuality "1"]
[TimeControl "40/5400+30:1800+30"]

1. e4 c5 2. Nc3 Nc6 3. f4 g6 4. Nf3 Bg7 5. Bc4 d6 6. d3 e6 7. O-O Nge7 8. Qe1 O-O 9. f5 d5 10. Bb3 dxe4 11. dxe4 {[%emt 0:05:33] B23: Closed Sicilian: Lines without g3} (11. f6 exf3 12. fxg7 Qd4+ 13. Rf2 Qxg7 14. Rxf3 Nd4 15. Rf2 b6 16. Bf4 f6 17. Bd6 Re8 18. Ba4 Rd8 {1-0 (49) Simonian,H (2468)-Nakamura,H (2774) ICC INT 2011}) 11... exf5 12. Qh4 fxe4 13. Ng5 h6 14. Bxf7+ Rxf7 15. Nxf7 Qd4+ 16. Kh1 Nf5 17. Nxh6+ Bxh6 18. Rxf5 Bxf5 19. Bxh6 $146 ({Predecessor:} 19. Qxh6) 19... e3 20. Qg3 Re8 21. Re1 e2 22. Rxe2 Rxe2 23. Nxe2 Qxb2 24. h3 Qxa2 25. Qd6 Kh7 26. Bf8 Qa1+ 27. Ng1 Qe5 28. Qd2 Kg8 29. Bd6 Qd4 30. Nf3 Qxd2 31. Nxd2 Bxc2 32. Bxc5 b5 33. Kg1 a5 34. Kf2 a4 35. Ke3 b4 36. Nc4 a3 37. Nxa3 bxa3 38. Bxa3 Kg7 39. Bb2+ Kh6 40. Kf4 Nb4 41. Ba1 Nd5+ 42. Kf3 Kg5 43. Bb2 Bd1+ 44. Ke4 Nf6+ 45. Ke3 Nd5+ 46. Ke4 Bb3 47. Bd4 Ne7 48. Be3+ Kf6 49. Kf3 Bd5+ 50. Kf2 Nf5 51. Bb6 Ke5 52. Bd8 Nd6 53. Bc7 Ke6 54. Bd8 Ne4+ 55. Ke3 Kf5 56. Bc7 Ng5 57. g4+ Ke6 58. h4 Kd7 59. Be5 Ne6 60. Bf6 Ke8 61. Bb2 Kf7 62. Be5 Bc6 63. Bb2 Ba4 64. Kf3 Bd1+ 65. Kg3 Ke7 66. Be5 Be2 67. Ba1 Kd6 68. Bf6 Bd1 69. Ba1 $17 Kd5 70. Bf6 Be2 71. Ba1 Ke4 72. Bf6 Bd3 73. Be7 Bc2 74. Bf6 Bb1 75. Be7 Bd3 76. Bf6 Nf4 77. h5 gxh5 78. Kh4 Be2 79. gxh5 Kf5 80. Bd8 Nxh5 81. Bc7 Bg4 82. Bb8 Nf6 83. Kg3 Ne4+ 84. Kg2 1/2-1/2

[Event "71st MNE-ch 2019"]
[Site "Podgorica"]
[Date "2019.05.25"]
[Round "8.9"]
[White "Musovic, Armin"]
[Black "Abramovic, Dragoljub"]
[Result "1-0"]
[ECO "B10"]
[WhiteElo "2297"]
[BlackElo "2063"]
[Annotator "NA"]
[PlyCount "77"]
[EventDate "2019.05.18"]
[EventType "swiss"]
[EventCountry "MNE"]
[SourceTitle "playchess.com"]
[Source "ChessBase"]
[SourceQuality "1"]
[TimeControl "40/5400+30:1800+30"]

1. e4 c6 2. Nc3 d5 3. Nf3 dxe4 4. Nxe4 Bg4 5. h3 Bxf3 6. Qxf3 e6 7. Bc4 Nf6 8. O-O Nbd7 9. d4 Nb6 10. Nxf6+ Qxf6 11. Qxf6 gxf6 12. Be2 Rd8 13. Rd1 e5 14. dxe5 Rxd1+ 15. Bxd1 fxe5 16. Be3 Nc4 17. Bxa7 Nxb2 18. Bf3 Ba3 19. Re1 Bd6 20. Rb1 Ba3 21. Be3 c5 22. Bc1 Nc4 23. Bh6 Ke7 24. Rxb7+ Ke6 25. Ra7 Bb2 26. Ra6+ Nd6 27. c4 Rd8 28. Bd5+ Kf6 29. a4 Bc3 30. a5 e4 31. Bxe4 Ke7 32. Ra7+ Kf6 33. Bd5 Be5 34. g3 Rb8 35. Be3 Rb1+ 36. Kg2 Bd4 37. Rd7 Bxe3 38. Rxd6+ Ke7 39. Rb6 1-0

[Event "71st MNE-ch 2019"]
[Site "Podgorica"]
[Date "2019.05.25"]
[Round "8.10"]
[White "Sukovic, Andrej"]
[Black "Vujovic, Savo"]
[Result "1/2-1/2"]
[ECO "A02"]
[WhiteElo "2221"]
[BlackElo "1940"]
[Annotator "NA"]
[PlyCount "36"]
[EventDate "2019.05.18"]
[EventType "swiss"]
[EventCountry "MNE"]
[SourceTitle "playchess.com"]
[Source "ChessBase"]
[SourceQuality "1"]
[TimeControl "40/5400+30:1800+30"]

1. f4 Nf6 2. b3 g6 3. Bb2 Bg7 4. e3 O-O 5. Nf3 c5 6. Be2 Nc6 7. O-O d5 8. h3 d4 9. Na3 Nd5 10. Qc1 dxe3 11. Bxg7 Nxf4 12. Bc4 Kxg7 13. Qb2+ f6 14. dxe3 Nh5 15. Nb5 Bf5 16. e4 a6 17. Rad1 Qb8 18. Nc3 Bxh3 1/2-1/2

[Event "71st MNE-ch 2019"]
[Site "Podgorica"]
[Date "2019.05.25"]
[Round "8.11"]
[White "Pobor, Milo"]
[Black "Karisik, Nenad"]
[Result "1-0"]
[ECO "B53"]
[WhiteElo "1960"]
[BlackElo "2128"]
[Annotator "NA"]
[PlyCount "71"]
[EventDate "2019.05.18"]
[EventType "swiss"]
[EventCountry "MNE"]
[SourceTitle "playchess.com"]
[Source "ChessBase"]
[SourceQuality "1"]
[TimeControl "40/5400+30:1800+30"]

1. e4 c5 2. Nf3 d6 3. d4 cxd4 4. Qxd4 Nc6 5. Bb5 Bd7 6. Bxc6 Bxc6 7. Nc3 Nf6 8. Bg5 e6 9. O-O-O Be7 10. Rhe1 Qa5 11. Kb1 h6 12. Bh4 e5 13. Qd3 g5 14. Bg3 Rc8 15. Nd2 b5 16. h4 b4 17. Nb3 Qb6 18. hxg5 hxg5 19. Nd5 Nxd5 20. exd5 Bd7 21. Qe2 Kf8 22. f4 gxf4 23. Bxf4 Bb5 24. Qg4 Rc4 25. Rh1 Rxh1 26. Rxh1 Bf6 27. Bh6+ Ke7 28. Qg3 Qd8 29. Nd2 Rd4 30. Be3 Rxd5 31. Ne4 Kd7 32. Qf3 Be7 33. Nf6+ Bxf6 34. Qxd5 Bc6 35. Qxf7+ Qe7 36. Qg6 1-0

[Event "71st MNE-ch 2019"]
[Site "Podgorica"]
[Date "2019.05.25"]
[Round "8.12"]
[White "Bacic, Kristina"]
[Black "Koljevic, Nikolina"]
[Result "1/2-1/2"]
[ECO "A45"]
[WhiteElo "1819"]
[BlackElo "1964"]
[Annotator "NA"]
[PlyCount "54"]
[EventDate "2019.05.18"]
[EventType "swiss"]
[EventCountry "MNE"]
[SourceTitle "playchess.com"]
[Source "ChessBase"]
[SourceQuality "1"]
[TimeControl "40/5400+30:1800+30"]

1. d4 Nf6 2. e3 e6 3. f4 c5 4. Nf3 b6 5. c3 Bb7 6. Nbd2 Be7 7. Bd3 O-O 8. O-O d5 9. Ne5 Ne4 10. Qf3 f6 11. Ng4 f5 12. Ne5 Nd7 13. g4 Ndf6 14. g5 Nxd2 15. Bxd2 Ne4 16. Be1 Bd6 17. Bxe4 dxe4 18. Qh5 Bxe5 19. fxe5 Qe8 20. Qxe8 Raxe8 21. Rf4 Rc8 22. Kf2 Rfd8 23. Bd2 Bc6 24. Rg1 Be8 25. Rh4 b5 26. a3 a5 27. Ra1 a4 1/2-1/2

[Event "71st MNE-ch 2019"]
[Site "Podgorica"]
[Date "2019.05.25"]
[Round "8.14"]
[White "Djurovic, Peko"]
[Black "Popovic, Mateja"]
[Result "1-0"]
[ECO "C62"]
[WhiteElo "1898"]
[BlackElo "1436"]
[Annotator "NA"]
[PlyCount "37"]
[EventDate "2019.05.18"]
[EventType "swiss"]
[EventCountry "MNE"]
[SourceTitle "playchess.com"]
[Source "ChessBase"]
[SourceQuality "1"]
[TimeControl "40/5400+30:1800+30"]

1. e4 e5 2. Nf3 Nc6 3. Bb5 d6 4. d4 exd4 5. Nxd4 Bd7 6. Nc3 Nf6 7. O-O g6 8. Bg5 Be7 9. Nd5 O-O 10. Nxe7+ Qxe7 11. Bxc6 bxc6 12. Qf3 Kg7 13. Qf4 Rfe8 14. Rae1 c5 15. Ne2 Qe5 16. Qh4 Nxe4 17. Bh6+ Kg8 18. Ng3 Qf6 19. Rxe4 1-0

[Event "71st MNE-ch 2019"]
[Site "Podgorica"]
[Date "2019.05.25"]
[Round "8.15"]
[White "Petrovic, Slavko"]
[Black "Stankovic, Zarko"]
[Result "0-1"]
[ECO "B44"]
[WhiteElo "1945"]
[BlackElo "2218"]
[Annotator "NA"]
[PlyCount "114"]
[EventDate "2019.05.18"]
[EventType "swiss"]
[EventCountry "MNE"]
[SourceTitle "playchess.com"]
[Source "ChessBase"]
[SourceQuality "1"]
[TimeControl "40/5400+30:1800+30"]

1. e4 c5 2. Ne2 e6 3. d4 cxd4 4. Nxd4 Nc6 5. Nb5 d6 6. Bf4 e5 7. Be3 Nf6 8. Bd3 {[%emt 0:03:15] B44: Sicilian: Taimanov: 5 Nb5} (8. Bg5 Be6 9. c4 Be7 10. N1c3 O-O 11. Be2 a6 12. Na3 Nxe4 13. Bxe7 Nxc3 14. Bxd8 Nxd1 15. Bc7 Nxb2 16. Bxd6 Rfd8 {0-1 (27) Leko,P (2730)-Grischuk,A (2783) Beijing 2013}) 8... a6 9. N5a3 d5 10. exd5 Qxd5 $146 ({Predecessor:} 10... Nxd5 11. Be4 Nxe3 12. Bxc6+ bxc6 13. Qxd8+ Kxd8 14. fxe3 Bf5 15. Nc4 f6 {0-1 (52) Leinemann,V (1425)-Horstmann,A (1751) Braunfels 2015}) 11. O-O Bg4 12. f3 Bc5 13. Qe1 Bxe3+ 14. Qxe3 Be6 15. Nc4 Nd7 16. Nc3 Qc5 17. Rfe1 O-O-O 18. Ne4 Qe7 19. Nb6+ Nxb6 20. Qxb6 Qc7 21. Qxc7+ Kxc7 22. Kf2 h6 23. Nc5 Bc8 24. Be4 Rd2+ 25. Re2 Rhd8 26. Rae1 Rxe2+ 27. Rxe2 Rd1 28. c3 f6 29. Bc2 Rh1 30. Kg3 b6 31. Nb3 Be6 32. Rd2 a5 33. Rd1 Rxd1 34. Bxd1 Kd6 35. Bc2 f5 36. Kf2 g5 37. g3 f4 38. Nc1 Bc4 39. a3 Ne7 40. Be4 a4 41. Bc2 b5 42. Be4 Ng8 43. g4 Nf6 44. Bb7 h5 45. h3 h4 46. Kg2 Nd7 47. Be4 Nc5 48. Bc2 Kd5 49. Kf2 e4 50. fxe4+ Nxe4+ 51. Kg2 Nc5 52. Kf2 Bb3 53. Bd3 $2 (53. Bh7 Bc4 54. Bg8+ Ke5 55. Bh7) 53... Bc4 54. Bc2 $1 Ke5 $19 55. Ke1 f3 56. Kf2 Kf4 57. Bf5 Ne4+ 0-1

[Event "71st MNE-ch 2019"]
[Site "Podgorica"]
[Date "2019.05.25"]
[Round "8.16"]
[White "Sabotic, Denis"]
[Black "Ljeskovic, Luka"]
[Result "1-0"]
[ECO "B18"]
[WhiteElo "1682"]
[BlackElo "1710"]
[Annotator "NA"]
[PlyCount "85"]
[EventDate "2019.05.18"]
[EventType "swiss"]
[EventCountry "MNE"]
[SourceTitle "playchess.com"]
[Source "ChessBase"]
[SourceQuality "1"]
[TimeControl "40/5400+30:1800+30"]

1. e4 c6 2. d4 d5 3. Nd2 dxe4 4. Nxe4 Bf5 5. Ng3 Bg6 6. h4 h6 7. Bc4 Nf6 8. Nf3 Nbd7 9. Bd3 Bxd3 10. Qxd3 e6 11. Bf4 Nd5 12. Bd2 Qc7 13. a3 Nf4 14. Bxf4 Qxf4 15. O-O Bd6 16. Rfe1 O-O-O 17. c4 g5 18. h5 g4 19. Re4 Qf6 20. Rxg4 Rdg8 21. Ne4 Qe7 22. Nxd6+ Qxd6 23. Rxg8+ Rxg8 24. Qh7 Qf8 25. Ne5 Nxe5 26. dxe5 Rg5 27. Qe4 Rxh5 28. b4 Qe7 29. g3 Rg5 30. Kg2 h5 31. Rh1 Rg4 32. Qe3 Rxc4 33. Rxh5 b6 34. Qd3 b5 35. Qe3 c5 36. Rh8+ Kc7 37. Qf3 cxb4 38. axb4 Rc6 39. Rc8+ Kxc8 40. Qxc6+ Kd8 41. Qa8+ Kd7 42. Qxa7+ Kd8 43. Qb8+ 1-0

[Event "71st MNE-ch 2019"]
[Site "Podgorica"]
[Date "2019.05.26"]
[Round "9.2"]
[White "Kisic, Bozidar"]
[Black "Blagojevic, Dragisa"]
[Result "1-0"]
[ECO "D45"]
[WhiteElo "2200"]
[BlackElo "2499"]
[Annotator "RC"]
[PlyCount "93"]
[EventDate "2019.05.18"]
[EventType "swiss"]
[EventCountry "MNE"]
[SourceTitle "playchess.com"]
[Source "ChessBase"]
[SourceQuality "1"]
[TimeControl "40/5400+30:1800+30"]

1. d4 d5 2. c4 e6 3. Nc3 c6 4. e3 Nf6 5. Nf3 Nbd7 6. Qc2 Bd6 7. Be2 O-O 8. O-O dxc4 9. Bxc4 b5 10. Be2 Bb7 11. e4 e5 12. dxe5 Nxe5 13. Nh4 Bc5 14. Bg5 Qb6 15. Bxf6 gxf6 16. Qc1 Ng6 17. Nf5 Rfe8 18. h4 Rad8 19. Nh6+ Kg7 20. h5 Ne7 21. e5 Bd4 22. Ng4 Ng8 23. exf6+ Bxf6 24. Nxf6 Kxf6 25. Qf4+ Kg7 26. h6+ Kf8 27. Bh5 Re7 28. Rad1 Rxd1 29. Rxd1 c5 30. Rd6 Qc7 31. Nxb5 Qa5 32. Nc3 c4 33. Be2 Qc7 34. Qg3 f5 35. Bxc4 Nxh6 36. Rf6+ Nf7 37. Qxc7 Rxc7 38. Rxf7+ Rxf7 39. Bxf7 Kxf7 40. f4 a5 41. g3 Kg6 42. Kf2 Bc6 43. b3 h6 44. a3 Bb7 45. b4 axb4 46. axb4 Kh5 47. b5 1-0

[Event "71st MNE-ch 2019"]
[Site "Podgorica"]
[Date "2019.05.26"]
[Round "9.3"]
[White "Lekic, Dusan"]
[Black "Kalezic, Blazo"]
[Result "0-1"]
[ECO "D43"]
[WhiteElo "2352"]
[BlackElo "2450"]
[Annotator "RC"]
[PlyCount "60"]
[EventDate "2019.05.18"]
[EventType "swiss"]
[EventCountry "MNE"]
[SourceTitle "playchess.com"]
[Source "ChessBase"]
[SourceQuality "1"]
[TimeControl "40/5400+30:1800+30"]

1. d4 d5 2. c4 c6 3. Nf3 Nf6 4. Nc3 e6 5. Bg5 h6 6. Bh4 dxc4 7. e4 g5 8. Bg3 b5 9. Be2 Bb7 10. e5 Nd5 11. O-O Nd7 12. Nxd5 cxd5 13. Ne1 Qb6 14. f4 gxf4 15. Bxf4 O-O-O 16. a4 a6 17. a5 Qc7 18. Bh5 Nb8 19. Bd2 Rd7 20. b4 Nc6 21. Nc2 Kb8 22. Ra3 f5 23. Rg3 Rg7 24. Rff3 Rhg8 25. Qf1 Rg5 26. Be8 Nd8 27. Bxg5 hxg5 28. h3 Qh7 29. Qe2 Be7 30. Bxb5 axb5 0-1

[Event "71st MNE-ch 2019"]
[Site "Podgorica"]
[Date "2019.05.26"]
[Round "9.4"]
[White "Draskovic, Luka"]
[Black "Kontic, Djordjije"]
[Result "1-0"]
[ECO "A10"]
[WhiteElo "2430"]
[BlackElo "2264"]
[Annotator "NA"]
[PlyCount "83"]
[EventDate "2019.05.18"]
[EventType "swiss"]
[EventCountry "MNE"]
[SourceTitle "playchess.com"]
[Source "ChessBase"]
[SourceQuality "1"]
[TimeControl "40/5400+30:1800+30"]

1. c4 f5 2. Nc3 Nf6 3. d4 Nc6 4. Nf3 g6 5. e3 d6 6. b3 Bg7 7. Be2 O-O 8. O-O a6 9. Bb2 Rb8 10. Rc1 h6 11. d5 Ne5 12. Qd2 g5 13. Nxe5 dxe5 14. f4 e4 15. c5 Kh8 16. Bc4 b5 17. cxb6 cxb6 18. a4 gxf4 19. Rxf4 e5 20. Rff1 Qd6 21. Qe2 Ra8 22. Ra1 Re8 23. Ba3 Qb8 24. d6 f4 25. Nd5 Bg4 26. Qc2 Qb7 27. Qd2 Rad8 28. Nxf6 Bxf6 29. Bd5 Qh7 30. exf4 exf4 31. Qxf4 Bd4+ 32. Kh1 Qg7 33. Rae1 Re5 34. Rxe4 Rf5 35. Qxf5 Bxf5 36. Rxf5 Bc5 37. Bxc5 bxc5 38. h3 Qg3 39. Re6 Kg7 40. Re7+ Kg6 41. Rf3 Qh4 42. Be4+ 1-0

[Event "71st MNE-ch 2019"]
[Site "Podgorica"]
[Date "2019.05.26"]
[Round "9.5"]
[White "Pecurica, Milos"]
[Black "Drasko, Milan"]
[Result "0-1"]
[ECO "A17"]
[WhiteElo "2365"]
[BlackElo "2418"]
[Annotator "NA RC"]
[PlyCount "54"]
[EventDate "2019.05.18"]
[EventType "swiss"]
[EventCountry "MNE"]
[SourceTitle "playchess.com"]
[Source "ChessBase"]
[SourceQuality "1"]
[TimeControl "40/5400+30:1800+30"]

1. c4 e6 2. Nf3 Nf6 3. Nc3 Bb4 4. g4 d6 5. g5 Nfd7 6. Qc2 Nc6 7. Rg1 Qe7 8. a3 Bxc3 9. Qxc3 e5 10. b4 O-O 11. Bb2 Nb6 12. Qc2 Be6 13. e3 f5 14. O-O-O e4 15. d4 exf3 16. d5 Bd7 17. dxc6 Bxc6 18. Bd3 Ba4 19. Qd2 Bxd1 20. Qxd1 Qe6 21. g6 hxg6 22. Rg3 Nxc4 23. Qb3 d5 24. Bxc4 dxc4 25. Qc3 Rf7 26. h4 Rd8 27. h5 Rd3 0-1

[Event "71st MNE-ch 2019"]
[Site "Podgorica"]
[Date "2019.05.26"]
[Round "9.6"]
[White "Nikac, Predrag"]
[Black "Popadic, Dragan"]
[Result "0-1"]
[ECO "A00"]
[WhiteElo "2319"]
[BlackElo "2198"]
[Annotator "NA"]
[PlyCount "114"]
[EventDate "2019.05.18"]
[EventType "swiss"]
[EventCountry "MNE"]
[SourceTitle "playchess.com"]
[Source "ChessBase"]
[SourceQuality "1"]
[TimeControl "40/5400+30:1800+30"]

1. g3 g6 2. Bg2 Bg7 3. d3 d6 4. Nc3 Nf6 5. f4 O-O 6. Nf3 c5 7. O-O Nc6 8. h3 Bd7 9. g4 Rb8 10. e4 b5 11. f5 Ne5 12. Nxe5 dxe5 13. Be3 Rc8 14. Qf3 b4 15. Ne2 a5 16. Ng3 Ne8 17. a4 c4 18. Qf2 Rc6 19. Rfd1 cxd3 20. cxd3 Qc8 21. Rdc1 Rxc1+ 22. Rxc1 Qa6 23. g5 f6 24. b3 fxg5 25. Bxg5 e6 26. Qe2 exf5 27. exf5 gxf5 28. Be7 Rf7 29. Bd8 Bh6 30. Rc4 Qg6 31. Qxe5 Rg7 32. Bh4 f4 33. Bd5+ Kh8 34. Rxf4 Bxf4 35. Qxf4 Be6 36. Be4 Qf7 37. Qe5 Bxb3 38. Bc6 Qe6 39. Qxe6 Bxe6 40. Bxe8 Kg8 41. Kf2 b3 42. Bf6 Rb7 43. Bb2 Rc7 44. Ke3 Rc2 45. Bd4 b2 46. Bxb2 Rxb2 47. h4 Rh2 48. h5 Bf7 49. Bc6 Kf8 50. Kd4 Be8 51. Be4 Rh3 52. Ne2 Rxh5 53. Nf4 Rh6 54. Ke5 Bxa4 55. d4 Bd7 56. d5 a4 57. d6 a3 0-1

[Event "71st MNE-ch 2019"]
[Site "Podgorica"]
[Date "2019.05.26"]
[Round "9.7"]
[White "Miletic, Vuk"]
[Black "Musovic, Armin"]
[Result "0-1"]
[ECO "D06"]
[WhiteElo "1954"]
[BlackElo "2297"]
[Annotator "NA"]
[PlyCount "80"]
[EventDate "2019.05.18"]
[EventType "swiss"]
[EventCountry "MNE"]
[SourceTitle "playchess.com"]
[Source "ChessBase"]
[SourceQuality "1"]
[TimeControl "40/5400+30:1800+30"]

1. d4 d5 2. c4 c5 3. cxd5 Nf6 4. Nf3 cxd4 5. Qxd4 Qxd5 6. Nc3 Qxd4 7. Nxd4 a6 8. g3 e5 9. Nb3 Bb4 10. Bd2 Nc6 11. Bg2 Be6 12. Ne4 O-O-O 13. Rc1 Kb8 14. Nec5 Rxd2 15. Nxd2 Rd8 16. Nxe6 Bxd2+ 17. Kf1 Bxc1 18. Nxd8 Nxd8 19. b3 Nc6 20. Bxc6 bxc6 21. Kg2 Ba3 22. Rd1 Kc7 23. Rd2 Nd5 24. Rc2 a5 25. Rc4 Bd6 26. Kf3 Nb4 27. a4 Na6 28. Rg4 g6 29. Rh4 h5 30. g4 Be7 31. Rh3 h4 32. Ke4 Kd6 33. Rc3 Nc5+ 34. Kf3 Bf6 35. Ke3 Bg5+ 36. Kf3 e4+ 37. Kg2 Bf6 38. Rc4 Kd5 39. f3 exf3+ 40. exf3 Bd4 0-1

[Event "71st MNE-ch 2019"]
[Site "Podgorica"]
[Date "2019.05.26"]
[Round "9.8"]
[White "Vujacic, Igor"]
[Black "Pobor, Milo"]
[Result "1/2-1/2"]
[ECO "B66"]
[WhiteElo "2205"]
[BlackElo "1960"]
[Annotator "NA RC"]
[PlyCount "131"]
[EventDate "2019.05.18"]
[EventType "swiss"]
[EventCountry "MNE"]
[SourceTitle "playchess.com"]
[Source "ChessBase"]
[SourceQuality "1"]
[TimeControl "40/5400+30:1800+30"]

1. e4 c5 2. Nf3 Nc6 3. d4 cxd4 4. Nxd4 Nf6 5. Nc3 d6 6. Bg5 e6 7. Qd2 a6 8. O-O-O h6 9. Bf4 Bd7 10. Nxc6 Bxc6 11. f3 d5 12. Qe1 Bb4 13. a3 Bxc3 14. Qxc3 O-O 15. Be5 Rc8 16. Bxf6 Qxf6 17. Qxf6 gxf6 18. exd5 Bxd5 19. Rd4 Rfd8 20. Be2 Rc5 21. Rhd1 Rdc8 22. R1d2 f5 23. Kb1 Kg7 24. b3 b5 25. a4 Bc6 26. axb5 axb5 27. Kb2 Kf6 28. Rd8 Rxd8 29. Rxd8 f4 30. Rc8 Re5 31. Bd3 Bd7 32. Rg8 Rh5 33. c4 bxc4 34. Bxc4 Rxh2 35. b4 Rh5 36. Kc3 Rg5 37. Rxg5 Kxg5 38. Kd3 Kh4 39. Ke2 Kg5 40. b5 Bc8 41. Kd3 h5 42. Ke4 Bb7+ 43. Ke5 h4 44. Be2 Bd5 45. b6 Bb7 46. Bd3 h3 47. gxh3 f6+ 48. Kxe6 Bxf3 49. Bf1 Be4 50. Kd6 f3 51. Ke6 f2 52. Kd6 Kh4 53. Ke6 Kg3 54. Kxf6 Bg2 55. h4 Bxf1 56. b7 Be2 57. b8=Q+ Kg2 58. Qb7+ Bf3 59. Qb2 Kg1 60. Qd4 Kg2 61. Qd2 Kg1 62. Qe3 Kg2 63. Qg5+ Kh1 64. Qc1+ Kg2 65. Qc2 Kg1 66. Qxf2+ 1/2-1/2

[Event "71st MNE-ch 2019"]
[Site "Podgorica"]
[Date "2019.05.26"]
[Round "9.10"]
[White "Vujovic, Savo"]
[Black "Djurovic, Peko"]
[Result "0-1"]
[ECO "A28"]
[WhiteElo "1940"]
[BlackElo "1898"]
[Annotator "NA"]
[PlyCount "36"]
[EventDate "2019.05.18"]
[EventType "swiss"]
[EventCountry "MNE"]
[SourceTitle "playchess.com"]
[Source "ChessBase"]
[SourceQuality "1"]
[TimeControl "40/5400+30:1800+30"]

1. c4 e5 2. Nc3 Nf6 3. Nf3 Nc6 4. e4 Bc5 5. Nxe5 Nxe5 6. d4 Bb4 7. dxe5 Nxe4 8. Qf3 f5 9. Qxf5 Nxc3 10. a3 d5 11. e6 Rf8 12. Qxh7 Qf6 13. Qc2 Bc5 14. bxc3 Bxf2+ 15. Kd1 Bxe6 16. cxd5 O-O-O 17. Bd2 Rxd5 18. Bd3 Rfd8 0-1

[Event "71st MNE-ch 2019"]
[Site "Podgorica"]
[Date "2019.05.26"]
[Round "9.11"]
[White "Koljevic, Nikolina"]
[Black "Sukovic, Andrej"]
[Result "1/2-1/2"]
[ECO "B53"]
[WhiteElo "1964"]
[BlackElo "2221"]
[Annotator "NA"]
[PlyCount "69"]
[EventDate "2019.05.18"]
[EventType "swiss"]
[EventCountry "MNE"]
[SourceTitle "playchess.com"]
[Source "ChessBase"]
[SourceQuality "1"]
[TimeControl "40/5400+30:1800+30"]

1. e4 c5 2. Nf3 d6 3. d4 cxd4 4. Qxd4 e5 5. Bb5+ Nd7 6. Qd3 h6 7. Nc3 Ngf6 8. Be3 Be7 9. h3 a6 10. Bxd7+ Bxd7 11. O-O-O b5 12. a3 Rb8 13. g4 a5 14. g5 hxg5 15. Bxg5 b4 16. axb4 axb4 17. Nb1 Qa5 18. Bxf6 gxf6 19. h4 Rc8 20. Ne1 Bf8 21. Ng2 Bb5 22. Qh3 Bh6+ 23. Ne3 Qc7 24. c3 Bd7 25. Qf1 Qc6 26. Qd3 Bg4 27. Rd2 Bf3 28. Rh3 Bxe4 29. Qxd6 Bxb1 30. Qxc6+ Rxc6 31. Kxb1 bxc3 32. Rc2 Bxe3 33. fxe3 Rg8 34. Rxc3 Rg1+ 35. Ka2 1/2-1/2

[Event "71st MNE-ch 2019"]
[Site "Podgorica"]
[Date "2019.05.26"]
[Round "9.12"]
[White "Abramovic, Dragoljub"]
[Black "Bacic, Kristina"]
[Result "0-1"]
[ECO "D03"]
[WhiteElo "2063"]
[BlackElo "1819"]
[Annotator "NA"]
[PlyCount "22"]
[EventDate "2019.05.18"]
[EventType "swiss"]
[EventCountry "MNE"]
[SourceTitle "playchess.com"]
[Source "ChessBase"]
[SourceQuality "1"]
[TimeControl "40/5400+30:1800+30"]

1. d4 d5 2. Nf3 Nf6 3. Bg5 Ne4 4. Bh4 c5 5. e3 Qb6 6. Qc1 f6 7. Nbd2 Nxd2 8. Kxd2 g5 9. Bg3 g4 10. Nh4 cxd4 11. exd4 Bh6+ 0-1

[Event "71st MNE-ch 2019"]
[Site "Podgorica"]
[Date "2019.05.26"]
[Round "9.13"]
[White "Karisik, Nenad"]
[Black "Sabotic, Denis"]
[Result "1-0"]
[ECO "B30"]
[WhiteElo "2128"]
[BlackElo "1682"]
[Annotator "NA"]
[PlyCount "69"]
[EventDate "2019.05.18"]
[EventType "swiss"]
[EventCountry "MNE"]
[SourceTitle "playchess.com"]
[Source "ChessBase"]
[SourceQuality "1"]
[TimeControl "40/5400+30:1800+30"]

1. e4 c5 2. Nf3 Nc6 3. Bb5 e6 4. O-O a6 5. Bxc6 bxc6 6. e5 g6 7. Nc3 Nh6 8. Ne4 Be7 9. d3 Nf5 10. b3 Bb7 11. a4 Qc7 12. Ba3 Nd4 13. Nxd4 cxd4 14. Nd6+ Bxd6 15. Bxd6 Qd8 16. Qg4 f5 17. Qxd4 Rc8 18. b4 Qg5 19. Qa7 Ba8 20. Qxa6 Kf7 21. Qa7 Rhd8 22. f4 Qh4 23. Qe3 Rg8 24. Rf3 g5 25. Rh3 gxf4 26. Rxh4 fxe3 27. Bc5 Rg7 28. Re1 Rcg8 29. g3 d6 30. Bxd6 c5 31. Bxc5 Rxg3+ 32. hxg3 Rxg3+ 33. Kf1 Rf3+ 34. Ke2 f4 35. Rf1 1-0

[Event "71st MNE-ch 2019"]
[Site "Podgorica"]
[Date "2019.05.26"]
[Round "9.14"]
[White "Popovic, Mateja"]
[Black "Stankovic, Zarko"]
[Result "1-0"]
[ECO "D10"]
[WhiteElo "1436"]
[BlackElo "2218"]
[Annotator "NA"]
[PlyCount "31"]
[EventDate "2019.05.18"]
[EventType "swiss"]
[EventCountry "MNE"]
[SourceTitle "playchess.com"]
[Source "ChessBase"]
[SourceQuality "1"]
[TimeControl "40/5400+30:1800+30"]

1. d4 d5 2. c4 c6 3. cxd5 cxd5 4. Nc3 Nf6 5. Bg5 e6 6. Nf3 Nc6 7. e3 a6 8. a3 Be7 9. Bd3 O-O 10. Qc2 h6 11. Bh4 Bd7 12. O-O Rc8 13. Rac1 g5 14. Bg3 Nh5 15. Be5 g4 16. Bh7# 1-0